Map: Dusk Towers

Players

ILLBdA - Winner!

  • Race: Protoss Protoss
  • League: Diamond

복싱맨

  • Race: Terran Terran
  • League: Gold

VOD

Have the link to the VOD?

Description

Time

  • Played on: Dec. 16, 2015, 3:27 a.m.
  • Length: 5:02
Show
View Real Time Build Order
Export as new Build Order

ILLBdA Protoss - Winner!

Build Orders: Mass Adepts 

Get SALT Encoding   

  12  0:01  Probe (Chrono Boost)  
  13  0:11  Probe (Chrono Boost)  
  14  0:18  Pylon  
  14  0:22  Probe (Chrono Boost)  
  15  0:37  Probe (Chrono Boost)  
  15  0:40  Pylon  
  16  0:48  Probe (Chrono Boost)  
  17  0:59  Gateway  
  17  1:01  Gateway  
  17  1:07  Assimilator  
  17  1:08  Probe (Chrono Boost)  
  18  1:19  Probe (Chrono Boost)  
  19  1:29  Probe (Chrono Boost)  
  20  1:34  Gateway  
  20  1:50  Cybernetics Core, Zealot (Chrono Boost)  
  20  1:52  Zealot (Chrono Boost)  
  24  2:04  Pylon  
  24  2:08  Pylon  
  24  2:20  Pylon  
  26  2:23  Zealot (Chrono Boost)  
  26  2:28  Adept (Chrono Boost)  
  30  2:37  Adept (Chrono Boost)  
  26  2:51  Adept (Chrono Boost)  
  28  2:52  Adept (Chrono Boost)  
  28  2:55  Mothership Core  
  30  3:04  Adept (Chrono Boost)  
  28  3:15  Pylon  
  28  3:18  Adept (Chrono Boost)  
  30  3:34  Adept (Chrono Boost)  
  34  3:37  Adept (Chrono Boost)  
  36  3:45  Adept (Chrono Boost)  
  36  3:53  Pylon  
  36  4:02  Adept (Chrono Boost)  
  36  4:11  Pylon  
  35  4:27  Adept x2 (Chrono Boost)  
  35  4:30  Adept (Chrono Boost)  
Show
View Real Time Build Order
Export as new Build Order

복싱맨 Terran 

Build Orders:  

Get SALT Encoding   

  12  0:00  SCV  
  13  0:15  Supply Depot  
  13  0:18  SCV  
  14  0:31  SCV  
  15  0:38  Barracks  
  15  0:42  Refinery  
  15  0:45  SCV  
  16  0:57  SCV  
  17  1:09  SCV  
  18  1:16  Supply Depot  
  18  1:25  Orbital Command  
  18  1:26  Reaper  
  19  1:46  Barracks  
  19  1:51  SCV  
  20  1:57  Engineering Bay  
  20  1:59  Marine  
  21  2:17  Marine  
  21  2:33  Marine  
  21  2:35  Marine  
  20  2:37  Supply Depot  
  20  2:44  Supply Depot  
  20  2:47  SCV  
  21  2:51  Marine  
  18  3:06  Supply Depot  
  17  3:13  SCV  
  17  3:21  Marine  
  17  3:26  Marine  
  14  3:37  Bunker  
  14  3:38  Marine  
  14  3:42  SCV  
  14  3:44  Marine  
  16  3:50  Bunker  
  15  3:56  Marine  
  15  4:04  Marine  
  15  4:06  SCV  
  16  4:14  Marine  
  16  4:22  Marine  
  17  4:32  Marine  
  16  4:40  Marine  
Tags
 
Composition
Mass Adepts
Matchup
PvT
Replay Pack
me
Add a new tag
Caveats
  • Supply blocks, unpowered buildings, or Contaminate may cause inaccurate times.
  • Supply counts are checked every 10 seconds.